 Dungeon Crawl Stone Soup version 0.21.0 (webtiles) character file.

205 oplop the Ducker (level 5, -6/33 HPs)
             Began as an Octopode Transmuter on Jan 7, 2018.
             Mangled by an orc wizard
             ... wielding a +0 dagger of electrocution
              (9 damage)
             ... on level 3 of the Dungeon.
             The game lasted 00:07:46 (2597 turns).

oplop the Ducker (Octopode Transmuter)              Turns: 2597, Time: 00:07:47

Health: -6/33      AC:  2    Str: 10    XL:     5   Next: 83%
Magic:  4/9        EV: 21    Int: 16    God:
Gold:   94         SH:  0    Dex: 17    Spells: 6/10 levels left

rFire    . . .     SeeInvis .     - Unarmed
rCold    . . .     Gourm    .   (shield currently unavailable)
rNeg     . . .     Faith    .   (helmet currently unavailable)
rPois    x         Spirit   .   (no amulet)
rElec    .         Reflect  .   m - ring of flight
rCorr    .         Harm     .   (no ring)
MR       .....                  (no ring)
Stlth    ++........             (no ring)
HPRegen  0.11/turn              (no ring)
MPRegen  0.11/turn              (no ring)
                                (no ring)
                                (no ring)

@: spider-form, very slightly contaminated
A: tiny, almost no armour, stealthy swim, (amphibious), 8 rings, (constrict 8)
a: End Transformation, Evoke Flight


You were on level 3 of the Dungeon.
You were not hungry.
You were a venomous arachnid creature.
You visited 1 branch of the dungeon, and saw 3 of its levels.

You collected 94 gold pieces.

Inventory:

Hand Weapons
 i - a +1 dagger of venom (melded)
Missiles
 a - 30 arrows
Jewellery
 m - a ring of flight (left front leg)
Wands
 o - a wand of random effects (39)
Scrolls
 d - 3 scrolls of teleportation {unknown}
 e - 3 scrolls of identify {unknown}
 f - 3 scrolls of remove curse {unknown}
 h - a scroll of fog {unknown}
 j - a scroll of enchant weapon {unknown}
 l - 2 scrolls of magic mapping {unknown}
 n - a scroll of immolation {unknown}
Potions
 g - a potion of haste {unknown}
 k - a potion of cancellation {unknown}
 p - a potion of curing {unknown}
 q - a potion of mutation {unknown}
 r - a potion of lignification {unknown}
Books
 b - a book of Changes

   Spells                             Type                      Level
   a - Beastly Appendage              Transmutation                1
   b - Sticks to Snakes               Transmutation                2
   c - Spider Form                    Transmutation/Poison         3
   d - Ice Form                       Ice/Transmutation            4
   e - Blade Hands                    Transmutation                5
Comestibles
 c - 7 rations
 s - 2 chunks of flesh


   Skills:
 - Level 1.0 Fighting
 + Level 3.5 Dodging
 - Level 3.0 Unarmed Combat
 + Level 3.2 Spellcasting
 + Level 3.4 Transmutations
 * Level 2.3 Poison Magic


You had 6 spell levels left.
You knew the following spells:

 Your Spells              Type           Power        Failure   Level  Hunger
a - Beastly Appendage     Tmut           ##....       13%         1    None
b - Spider Form           Tmut/Pois      ##........   36%         3    ###....


Dungeon Overview and Level Annotations

Branches:
Dungeon (3/15)

Altars:
Hepliaklqana

Annotations:
D:3 Sigmund


Innate Abilities, Weirdness & Mutations

You cannot wear most types of armour.
You are very stealthy in the water. (Stealth+)
((You are amphibious.))
You can wear up to eight rings at the same time.
((You can use your tentacles to constrict eight enemies at once.))
((Your skin changes colour to match your surroundings (Stealth+).))
((Your rubbery body absorbs attacks. (AC +1, EV +1)))


Message History

You hit the orc wizard but do no damage.
The orc wizard looks as sick as possible!
The orc wizard is moderately wounded.
The orc wizard gestures at you while chanting.
The magic dart hits you!
You hit the orc wizard but do no damage.
The orc wizard is heavily wounded.
The orc wizard gestures at you while chanting.
The magic dart hits you! The orc wizard casts a spell at you.
The magic dart hits you!
* * * LOW HITPOINT WARNING * * *
You are too injured to fight recklessly!
You hit the orc wizard but do no damage.
The orc wizard looks as sick as possible!
The orc wizard is heavily wounded.
The orc wizard hits you with a dagger of electrocution.
* * * LOW HITPOINT WARNING * * *
You are electrocuted!
You die...

####...........# #.######### #
####.######.# #.# # #.# #.# #.# #
#.# #.########.# #######.#
#..........### ......).#
###......>...# #########
#.########.## #.# ##...##
##s######.###.### #.o.....(%#
#...### #..##...#.###......
##########..#.........#...##
#.................##..#...#
######.########..#.....##..#...##
....##.##..†.....##...###........
###.##.##.######..........##...##
#.##.##.# ####.########.....


You could see an orc wizard.

Vanquished Creatures
  An orc wizard (D:3)
  3 gnolls (D:2)
  5 adders
  An ooze (D:1)
  4 worms
  2 dart slugs
  3 leopard geckos (D:2)
  6 orcs (D:3)
  10 bats
  A giant cockroach (D:1)
  5 goblins
  12 hobgoblins
  2 ball pythons (D:1)
  6 frilled lizards
  8 kobolds
  6 rats
75 creatures vanquished.

Vanquished Creatures (others)
  A goblin (D:2)
1 creature vanquished.

Grand Total: 76 creatures vanquished

Notes
Turn   | Place    | Note
-------+----------+-------------------------------------------
     0 | D:1      | oplop the Octopode Transmuter began the quest for the Orb.
     0 | D:1      | Reached XP level 1. HP: 13/13 MP: 3/3
   174 | D:1      | Reached XP level 2. HP: 16/18 MP: 3/5
   595 | D:1      | Reached XP level 3. HP: 17/23 MP: 4/6
   705 | D:2      | Learned a level 3 spell: Spider Form
   877 | D:2      | Reached XP level 4. HP: 25/28 MP: 8/8
  1438 | D:3      | Noticed Sigmund
  1537 | D:2      | Reached XP level 5. HP: 19/33 MP: 7/9
  1705 | D:3      | Reached skill level 1 in Poison Magic
  2153 | D:3      | Found a hazy altar of Hepliaklqana.
  2597 | D:3      | Mangled by an orc wizard

Skill      XL: |  1  2  3  4  5 |
---------------+----------------+-----
Dodging        | 3 |  3.5
Transmutations | 3 |  3.4
Spellcasting   | 3 |  3.2
Poison Magic   | 2 |  2.3
Fighting       | |  1.0
Unarmed Combat | |  3.0

Action                   |  1- 3 |  4- 6 || total
-------------------------+-------+-------++-------
Melee: Unarmed           |    14 |    55 ||    69
       Constrict         |    18 |    16 ||    34
       Kick              |    12 |     6 ||    18
       Tentacles         |     7 |     8 ||    15
       Dagger            |    48 |    74 ||   122
       Punch             |     1 |       ||     1
 Cast: Beastly Appendage |    14 |     6 ||    20
       Spider Form       |       |     8 ||     8
 Abil: End Transformatio |       |     1 ||     1
 Stab: Sleeping          |     4 |     2 ||     6
  Eat: Chunk             |       |     3 ||     3
       Ration            |       |     1 ||     1
Armor: Skin              |     5 |    11 ||    16
Dodge: Dodged            |    44 |    95 ||   139
